[Event "December 5 Late 2023"]
[Site "https://www.chess.com"]
[Date "2023.12.05"]
[Round "2"]
[White "Mis, Mieszko"]
[Black "Hakobyan, Aram"]
[Result "1/2-1/2"]
[Board "16"]
[TimeControl "180+1"]
[WhiteFideId "1196448"]
[BlackFideId "13306677"]
[WhiteElo "2614"]
[BlackElo "3019"]
[WhiteTeam "POL"]
[BlackTeam "ARM"]
[WhiteClock "0:00:18"]
[BlackClock "0:00:12"]

1. Nf3 Nf6 2. c4 b6 3. g3 Bb7 4. Bg2 g6 5. O-O Bg7 6. Nc3 O-O 7. Re1 Ne4 8. Nxe4 Bxe4 9. d3 Bb7 10. e4 e5 11. Bg5 Qe8 12. d4 d6 13. dxe5 dxe5 14. Qc2 Nc6 15. Rad1 Nd4 16. Nxd4 exd4 17. e5 Bxg2 18. Kxg2 c5 19. Qe4 Qe6 20. b3 h6 21. Bf4 Rad8 22. h4 Rfe8 23. Qf3 Qf5 24. Qe4 Qg4 25. Qf3 Qf5 26. Qe4 Qxe4+ 27. Rxe4 f6 28. e6 f5 29. Re2 Re7 30. Kf3 Kh7 31. g4 fxg4+ 32. Kxg4 Bf6 33. Bg3 h5+ 34. Kh3 Kg7 35. f4 Rde8 36. Rde1 d3 37. Re3 Rxe6 38. Rxe6 Rxe6 39. Rxe6 d2 40. Re1 dxe1=Q 41. Bxe1 Kf7 42. Kg3 Ke6 43. Kf3 Kf5 44. Bf2 Be7 45. Be1 Bd6 46. Bd2 Bc7 47. Be3 Bd8 48. Bf2 Bf6 49. Be1 Bd4 50. Bd2 a6 51. Be1 b5 52. a4 bxa4 53. bxa4 Bf6 54. Bf2 Be7 55. Be1 Bd6 56. Bf2 Bf8 57. Be1 Be7 58. Bf2 Bd6 59. Be3 Bf8 60. Bf2 Be7 61. Be3 Bxh4 62. Bxc5 Bd8 63. Bf2 Bc7 64. Bg3 g5 65. fxg5 Bxg3 66. Kxg3 Kxg5 67. Kh3 a5 68. Kg3 Kf5 69. Kh4 Ke5 70. Kxh5 Kd4 71. Kg4 Kxc4 72. Kf4 Kb3 73. Ke3 Kxa4 74. Kd2 Kb3 75. Kc1 Ka2 76. Kc2 a4 77. Kc1 Ka1 78. Kc2 a3 79. Kc1 a2 80. Kc2 1/2-1/2

[Event "December 5 Late 2023"]
[Site "https://www.chess.com"]
[Date "2023.12.05"]
[Round "2"]
[White "Sarana, Alexey"]
[Black "Poltorak, Sebastian"]
[Result "1-0"]
[Board "17"]
[TimeControl "180+1"]
[WhiteFideId "24133795"]
[BlackFideId "1199498"]
[WhiteElo "3003"]
[BlackElo "2610"]
[WhiteTeam "SRB"]
[BlackTeam "POL"]
[WhiteClock "0:02:14"]
[BlackClock "0:00:20"]

1. d4 Nf6 2. c4 g6 3. Nc3 d5 4. Bg5 Ne4 5. Bh4 g5 6. Nxe4 dxe4 7. Bxg5 Bg7 8. e3 c5 9. Ne2 Nc6 10. Qd2 cxd4 11. exd4 Nxd4 12. O-O-O Nxe2+ 13. Bxe2 Qxd2+ 14. Rxd2 Be6 15. Kb1 f6 16. Be3 O-O 17. c5 f5 18. g3 Rfd8 19. Rhd1 Rxd2 20. Rxd2 Be5 21. Kc2 Bxa2 22. b3 a5 23. Bc4+ Kg7 24. Kc1 Bxb3 25. Bxb3 a4 26. Ba2 a3 27. Rd5 Bb2+ 28. Kc2 e6 29. Rd7+ Kg6 30. Rxb7 e5 31. c6 Rc8 32. c7 Kf6 33. Bb6 Ke7 34. Rb8 1-0

[Event "December 5 Late 2023"]
[Site "https://www.chess.com"]
[Date "2023.12.05"]
[Round "2"]
[White "Skatchkov, Valery"]
[Black "Tari, Aryan"]
[Result "0-1"]
[Board "18"]
[TimeControl "180+1"]
[WhiteFideId "24195812"]
[BlackFideId "1510045"]
[WhiteElo "2606"]
[BlackElo "3001"]
[WhiteTeam "RUS"]
[BlackTeam "NOR"]
[WhiteClock "0:00:00"]
[BlackClock "0:00:37"]

1. d4 d5 2. c4 e6 3. Nf3 a6 4. g3 dxc4 5. Bg2 b5 6. Ne5 c6 7. Nc3 Bb7 8. O-O Nf6 9. b3 cxb3 10. Qxb3 Be7 11. Rd1 O-O 12. a4 b4 13. a5 Nbd7 14. Bxc6 Qc8 15. Bxb7 Qxb7 16. Bg5 Rab8 17. Nxd7 Qxd7 18. Na4 Nd5 19. Bxe7 Qxe7 20. e4 Nf6 21. f3 Nd7 22. Rac1 Rfc8 23. Qd3 Rxc1 24. Rxc1 Qd6 25. Qc4 b3 26. Rb1 Rb4 27. Qc3 Rxa4 28. Qxb3 Qxd4+ 0-1

[Event "December 5 Late 2023"]
[Site "https://www.chess.com"]
[Date "2023.12.05"]
[Round "2"]
[White "Xiong, Jeffery"]
[Black "Cremisi, Daniel"]
[Result "1-0"]
[Board "19"]
[TimeControl "180+1"]
[WhiteFideId "2047640"]
[BlackFideId "2089882"]
[WhiteElo "3001"]
[BlackElo "2604"]
[WhiteTeam "USA"]
[BlackTeam "USA"]
[WhiteClock "0:01:42"]
[BlackClock "0:01:20"]

1. Nf3 Nf6 2. c4 e6 3. b3 d5 4. Bb2 b6 5. g3 Bb7 6. Bg2 g6 7. cxd5 exd5 8. O-O Bg7 9. d4 O-O 10. Nc3 Ne4 11. e3 Nd7 12. Qc2 Nxc3 13. Bxc3 Rc8 14. Qb2 Qe7 15. b4 Ba6 16. b5 Bb7 17. Bb4 Nc5 18. Qa3 a5 19. bxa6 Ra8 20. dxc5 Rxa6 21. c6 Qe6 22. Qc1 Bxa1 23. Qxa1 Bxc6 24. Bxf8 Kxf8 25. Qh8+ Ke7 26. Nd4 Qd7 27. Qe5+ Kf8 28. Rc1 1-0

[Event "December 5 Late 2023"]
[Site "https://www.chess.com"]
[Date "2023.12.05"]
[Round "2"]
[White "Dyachuk, Artem"]
[Black "Paravyan, David"]
[Result "0-1"]
[Board "20"]
[TimeControl "180+1"]
[WhiteFideId "34107924"]
[BlackFideId "4194985"]
[WhiteElo "2603"]
[BlackElo "3000"]
[WhiteTeam "UKR"]
[BlackTeam "FID"]
[WhiteClock "0:00:07"]
[BlackClock "0:01:53"]

1. e4 e5 2. Nf3 Nf6 3. d4 Nxe4 4. Bd3 d5 5. Nxe5 Nd7 6. Nc3 Bb4 7. O-O Nxe5 8. dxe5 Nxc3 9. bxc3 Bxc3 10. Rb1 O-O 11. Bxh7+ Kxh7 12. Qd3+ Kg8 13. Qxc3 a5 14. f4 d4 15. Qg3 Bf5 16. Ba3 Re8 17. Rxb7 Ra6 18. Qf2 Rc6 19. Rd1 Rxc2 20. Qxd4 Qxd4+ 21. Rxd4 Rxa2 22. Bc5 Rc2 23. Ba3 c5 24. Rd1 Be4 25. Rb2 Rc3 26. Ra1 Rd8 27. h3 Rdd3 28. Kh2 Rxa3 29. Rba2 Rxa2 30. Rxa2 c4 31. Rxa5 Rd2 32. Rc5 Rxg2+ 33. Kh1 c3 34. e6 fxe6 35. f5 exf5 36. h4 Rd2+ 37. Kg1 c2 38. h5 Kh7 39. h6 Rd1+ 40. Kf2 c1=Q 41. Rc7 Qf4+ 42. Ke2 Rd2+ 43. Ke1 Qf2# 0-1

[Event "December 5 Late 2023"]
[Site "https://www.chess.com"]
[Date "2023.12.05"]
[Round "2"]
[White "Henriquez Villagra, Cristobal"]
[Black "Olenik Campa, Rudi"]
[Result "1-0"]
[Board "21"]
[TimeControl "180+1"]
[WhiteFideId "3409350"]
[BlackFideId "14633264"]
[WhiteElo "2996"]
[BlackElo "2602"]
[WhiteTeam "CHI"]
[BlackTeam "SLO"]
[WhiteClock "0:01:22"]
[BlackClock "0:01:15"]

1. g3 g6 2. Bg2 Bg7 3. f4 f5 4. Nf3 Nf6 5. O-O O-O 6. c4 d6 7. Nc3 Nc6 8. d3 e5 9. e4 h6 10. Nh4 Kh7 11. exf5 gxf5 12. fxe5 Ng4 13. Nd5 Bxe5 14. Bf4 Be6 15. h3 Bd4+ 16. Kh1 Nge5 17. Qh5 Nf7 18. Qg6+ Kh8 19. Qxe6 1-0

[Event "December 5 Late 2023"]
[Site "https://www.chess.com"]
[Date "2023.12.05"]
[Round "2"]
[White "Toropov, Pavel"]
[Black "Terry, Renato"]
[Result "0-1"]
[Board "22"]
[TimeControl "180+1"]
[WhiteFideId "24129178"]
[BlackFideId "3803457"]
[WhiteElo "2593"]
[BlackElo "2983"]
[WhiteTeam "RUS"]
[BlackTeam "PER"]
[WhiteClock "0:00:20"]
[BlackClock "0:00:59"]

1. e4 e6 2. d4 d5 3. exd5 exd5 4. Nf3 Nc6 5. h3 Bd6 6. Bd3 Nb4 7. Qe2+ Ne7 8. Bb5+ c6 9. Ba4 O-O 10. c3 Re8 11. cxb4 Nf5 12. Be3 Rxe3 13. fxe3 Ng3 14. Qd2 Nxh1 15. a3 Qf6 16. Bc2 Bxh3 17. Nc3 Bg3+ 18. Kd1 Nf2+ 19. Kc1 Bxg2 20. Ne5 Re8 21. Kb1 Bxe5 22. dxe5 Rxe5 23. Ka2 Bh3 24. Rg1 Be6 25. Rf1 d4+ 26. Ka1 dxc3 27. Qxc3 Ne4 28. Qd3 Qe7 29. Rd1 f5 0-1

[Event "December 5 Late 2023"]
[Site "https://www.chess.com"]
[Date "2023.12.05"]
[Round "2"]
[White "Drygalov, Sergey"]
[Black "Chor, Kevin"]
[Result "1-0"]
[Board "23"]
[TimeControl "180+1"]
[WhiteFideId "24171743"]
[BlackFideId "2090740"]
[WhiteElo "2983"]
[BlackElo "2593"]
[WhiteTeam "RUS"]
[BlackTeam "USA"]
[WhiteClock "0:02:38"]
[BlackClock "0:01:32"]

1. d4 Nf6 2. c4 g6 3. Nf3 Bg7 4. g3 O-O 5. Bg2 d6 6. O-O Nc6 7. Nc3 a6 8. Bf4 Rb8 9. Rc1 Nh5 10. Be3 e5 11. dxe5 Nxe5 12. Nxe5 Bxe5 13. Qd2 Bd7 14. Nd5 Bc6 15. Bg5 Qd7 16. Rfd1 Rbe8 17. Bh6 Bg7 18. Bxg7 Nxg7 19. Nf6+ Kh8 20. Qh6 1-0

[Event "December 5 Late 2023"]
[Site "https://www.chess.com"]
[Date "2023.12.05"]
[Round "2"]
[White "Bok, Benjamin"]
[Black "Bjelobrk, Igor"]
[Result "1-0"]
[Board "24"]
[TimeControl "180+1"]
[WhiteFideId "1017063"]
[BlackFideId "4300726"]
[WhiteElo "2976"]
[BlackElo "2592"]
[WhiteTeam "NED"]
[BlackTeam "AUS"]
[WhiteClock "0:00:11"]
[BlackClock "0:00:26"]

1. d4 e6 2. c4 b6 3. a3 Bb7 4. Nc3 f5 5. Bf4 Nf6 6. e3 Be7 7. h3 O-O 8. Nf3 Ne4 9. Nxe4 fxe4 10. Nd2 d5 11. Be2 Nc6 12. Bg4 Bc8 13. O-O Nxd4 14. Bxc7 Qxc7 15. exd4 Bf6 16. Rc1 Qf7 17. Nb1 Ba6 18. Be2 Rad8 19. cxd5 Bxe2 20. Qxe2 exd5 21. Rfd1 Bh4 22. Rc2 Qg6 23. Qg4 Qxg4 24. hxg4 Rc8 25. Rxc8 Rxc8 26. Nc3 Rd8 27. Ne2 Kf7 28. Rc1 Rd7 29. Rc6 Bf6 30. f3 Ke7 31. Kf2 Rd6 32. Rc7+ Rd7 33. Rxd7+ Kxd7 34. fxe4 dxe4 35. Ke3 Ke6 36. Kxe4 b5 37. b3 a6 38. Nf4+ Kd6 39. Nd3 Be7 40. a4 bxa4 41. bxa4 a5 42. Ne5 Bd8 43. Nc4+ Kc6 44. Ke5 Bf6+ 45. Ke4 Bd8 46. Nb2 g6 47. Nd3 Kd6 48. Ne5 Bb6 49. Nc4+ Kc6 50. d5+ Kc5 51. Nxb6 Kxb6 52. d6 Kc6 53. Ke5 1-0

[Event "December 5 Late 2023"]
[Site "https://www.chess.com"]
[Date "2023.12.05"]
[Round "2"]
[White "Espinoza Villanueva, Rodrigo"]
[Black "Drozdowski, Kacper"]
[Result "0-1"]
[Board "25"]
[TimeControl "180+1"]
[WhiteFideId "5140188"]
[BlackFideId "1136720"]
[WhiteElo "2591"]
[BlackElo "2976"]
[WhiteTeam "MEX"]
[BlackTeam "POL"]
[WhiteClock "0:00:04"]
[BlackClock "0:00:14"]

1. d4 Nf6 2. c4 e6 3. Nf3 b6 4. g3 Ba6 5. Qa4 Bb7 6. Bg2 Be7 7. O-O O-O 8. Nc3 Ne4 9. Qc2 d5 10. Rd1 Nxc3 11. Qxc3 Nd7 12. Bf4 Rc8 13. cxd5 Bxd5 14. Qd2 c5 15. dxc5 Nxc5 16. Ne5 Bxg2 17. Kxg2 Qe8 18. Rac1 Rd8 19. Qc2 Rxd1 20. Rxd1 Qa8+ 21. f3 Rc8 22. Rc1 f6 23. Nd3 Rd8 24. Nxc5 Bxc5 25. e4 Qb7 26. Rd1 Rxd1 27. Qxd1 Qc8 28. Qd3 Kf7 29. h4 Be7 30. h5 g6 31. a3 Qc5 32. hxg6+ hxg6 33. b4 Qc6 34. g4 b5 35. g5 fxg5 36. Be3 a6 37. Kf2 Qc7 38. Kg2 Qc8 39. Qd4 Qc2+ 40. Bf2 Qc8 41. Be3 Bf6 42. Qd6 Qb7 43. Bc5 Bg7 44. Kg3 Qc8 45. e5 Qe8 46. Kg4 Kg8 47. Kxg5 Qf7 48. Qd3 Kh7 49. Qe4 Bh6+ 50. Kg4 Qf5+ 51. Qxf5 gxf5+ 52. Kg3 Bc1 53. Kh4 Kg6 54. Kg3 Bxa3 55. Kf4 Bc1+ 56. Kg3 Kg5 57. Be7+ Kh5 58. Bc5 Kg6 59. Kh4 Bg5+ 60. Kg3 Kf7 61. f4 Bd8 62. Kf3 Ke8 63. Ke3 Kd7 64. Kd4 Kc6 65. Bf8 Bb6+ 66. Kd3 Kd5 67. Be7 Bd4 68. Bd6 Bf2 69. Be7 Bg3 70. Ke3 Kc4 71. Kf3 Be1 72. Kg2 Bxb4 73. Bd6 a5 74. Kh3 a4 75. Kh4 a3 76. Kh5 a2 0-1

[Event "December 5 Late 2023"]
[Site "https://www.chess.com"]
[Date "2023.12.05"]
[Round "2"]
[White "Drygalov, Andrey"]
[Black "Asish Panda"]
[Result "1-0"]
[Board "26"]
[TimeControl "180+1"]
[WhiteFideId "24171735"]
[BlackFideId "45012458"]
[WhiteElo "2963"]
[BlackElo "2589"]
[WhiteTeam "RUS"]
[BlackTeam "IND"]
[WhiteClock "0:01:03"]
[BlackClock "0:00:45"]

1. e4 e6 2. d4 d5 3. Nd2 c5 4. exd5 Qxd5 5. Ngf3 cxd4 6. Bc4 Qd7 7. O-O Nc6 8. Nb3 Nf6 9. Qe2 Bd6 10. Rd1 O-O 11. Nbxd4 Nxd4 12. Rxd4 Qc7 13. Bg5 e5 14. Rh4 Bf5 15. Bxf6 gxf6 16. Bd3 Bg6 17. Rg4 Kh8 18. Nh4 Rae8 19. Be4 Qd7 20. Qf3 Be7 21. Bxg6 fxg6 22. Nxg6+ hxg6 23. Qh3+ Kg7 24. Rxg6+ Kxg6 25. Qxd7 Bc5 26. Qg4+ Kh7 27. Rd1 Re7 28. Rd3 Rg7 29. Rh3+ Kg8 30. Qc4+ 1-0

[Event "December 5 Late 2023"]
[Site "https://www.chess.com"]
[Date "2023.12.05"]
[Round "2"]
[White "Manukyan, Sargis A."]
[Black "Kamsky, Gata"]
[Result "1/2-1/2"]
[Board "27"]
[TimeControl "180+1"]
[WhiteFideId "13303970"]
[BlackFideId "2000024"]
[WhiteElo "2585"]
[BlackElo "2940"]
[WhiteTeam "ARM"]
[BlackTeam "USA"]
[WhiteClock "0:01:05"]
[BlackClock "0:00:59"]

1. d4 Nf6 2. c4 c6 3. Nc3 d5 4. e3 g6 5. Nf3 Bg7 6. cxd5 cxd5 7. Be2 O-O 8. O-O Nc6 9. Bd2 Bg4 10. h3 Bxf3 11. Bxf3 e6 12. Rc1 Qe7 13. Na4 Nd7 14. a3 Rfc8 15. Qb3 Rab8 16. Nc5 Nxc5 17. Rxc5 Qd7 18. Rfc1 Ne7 19. Qc2 Rxc5 20. Qxc5 Nc6 21. b4 Bf8 22. Qc3 Rc8 23. Be2 Ne7 24. Qb2 Rxc1+ 25. Qxc1 Qc8 26. Qc5 Nc6 27. Qc3 Bd6 28. f4 Ne7 29. Qxc8+ Nxc8 30. Kf2 f5 31. g4 Kf7 32. g5 Bf8 33. h4 h5 34. Bd3 Nd6 35. Ke2 b5 36. Kd1 Nc4 37. Bc1 Ke8 38. Kc2 Kd7 39. Kb3 Kc6 40. a4 a6 41. a5 Be7 42. Be2 1/2-1/2

[Event "December 5 Late 2023"]
[Site "https://www.chess.com"]
[Date "2023.12.05"]
[Round "2"]
[White "Svane, Frederik"]
[Black "Taboas Rodriguez, Daniel"]
[Result "1-0"]
[Board "28"]
[TimeControl "180+1"]
[WhiteFideId "12923044"]
[BlackFideId "2208466"]
[WhiteElo "2933"]
[BlackElo "2579"]
[WhiteTeam "GER"]
[BlackTeam "ESP"]
[WhiteClock "0:00:56"]
[BlackClock "0:00:29"]

1. g3 Nf6 2. Bg2 g6 3. c4 Bg7 4. Nc3 O-O 5. d3 c5 6. Bf4 Nc6 7. Qd2 e6 8. Bd6 Re8 9. Bxc5 d5 10. Nf3 Qa5 11. Nb5 Rd8 12. Qxa5 Nxa5 13. Rc1 b6 14. Ba3 Bd7 15. Nc7 Rab8 16. cxd5 Nxd5 17. Nxd5 exd5 18. O-O Rdc8 19. b3 Bc3 20. d4 Bb5 21. Rc2 Rc6 22. Rfc1 Rbc8 23. Ne5 Bxd4 24. Nxc6 Rxc6 25. Bxd5 1-0

[Event "December 5 Late 2023"]
[Site "https://www.chess.com"]
[Date "2023.12.05"]
[Round "2"]
[White "Erdogan, Anil Berk"]
[Black "Svane, Rasmus"]
[Result "0-1"]
[Board "29"]
[TimeControl "180+1"]
[WhiteFideId "6348173"]
[BlackFideId "4657101"]
[WhiteElo "2577"]
[BlackElo "2933"]
[WhiteTeam "TUR"]
[BlackTeam "GER"]
[WhiteClock "0:00:00"]
[BlackClock "0:01:05"]

1. e4 c6 2. d4 d5 3. exd5 cxd5 4. c4 Nf6 5. Nc3 Nc6 6. Bg5 dxc4 7. Bxc4 h6 8. Bxf6 exf6 9. d5 Ne5 10. Bb5+ Bd7 11. Nf3 Bxb5 12. Nxb5 Bb4+ 13. Nc3 O-O 14. O-O Rc8 15. Ne4 Re8 16. a3 Bf8 17. Nxe5 Rxe5 18. Nc3 a6 19. Qd3 Qb6 20. b4 a5 21. Rab1 axb4 22. axb4 g6 23. h3 Kg7 24. Kh1 h5 25. Rfd1 Qxf2 26. d6 Re3 27. Ne4 Qf4 28. d7 Rd8 0-1

[Event "December 5 Late 2023"]
[Site "https://www.chess.com"]
[Date "2023.12.05"]
[Round "2"]
[White "Maksimovic, Bojan"]
[Black "Iskusnyh, Sergei"]
[Result "1-0"]
[Board "30"]
[TimeControl "180+1"]
[WhiteFideId "14408120"]
[BlackFideId "4120027"]
[WhiteElo "2927"]
[BlackElo "2573"]
[WhiteTeam "BIH"]
[BlackTeam "RUS"]
[WhiteClock "0:00:40"]
[BlackClock "0:00:03"]

1. a4 d5 2. d4 Nf6 3. Nf3 c5 4. e3 Nc6 5. b3 cxd4 6. exd4 Bg4 7. Be2 e6 8. Bb2 Bb4+ 9. c3 Bd6 10. O-O O-O 11. h3 Bh5 12. Na3 Rc8 13. c4 Ne4 14. Nc2 Bf4 15. g3 Bh6 16. Ne5 Bxe2 17. Qxe2 Nxe5 18. dxe5 Nd2 19. Rfd1 Nxb3 20. Ra3 Nc5 21. cxd5 exd5 22. Nb4 Qd7 23. Nxd5 Qxh3 24. Ne7+ Kh8 25. Nxc8 Rxc8 26. Rc3 b6 27. Ba3 Bg5 28. Bxc5 bxc5 29. Qa6 h5 30. Qxa7 Kg8 31. Rf3 Qe6 32. Qd7 c4 33. Rxf7 Qxf7 34. Qxc8+ Kh7 35. Qc6 Qf5 36. Qxc4 Qxe5 37. Qd3+ Kh6 38. Qd6+ 1-0

[Event "December 5 Late 2023"]
[Site "https://www.chess.com"]
[Date "2023.12.05"]
[Round "2"]
[White "Garcia Ramos, Daniel"]
[Black "Kovalev, Vladislav"]
[Result "1/2-1/2"]
[Board "31"]
[TimeControl "180+1"]
[WhiteFideId "32010311"]
[BlackFideId "13504398"]
[WhiteElo "2572"]
[BlackElo "2916"]
[WhiteTeam "ESP"]
[BlackTeam "FID"]
[WhiteClock "0:00:10"]
[BlackClock "0:00:10"]

1. e4 e5 2. Nf3 Nc6 3. Nc3 Nf6 4. d4 exd4 5. Nxd4 Bb4 6. Nxc6 bxc6 7. Bd3 O-O 8. O-O d5 9. exd5 cxd5 10. h3 c6 11. Qf3 Rb8 12. Rd1 Re8 13. Bg5 Bd6 14. Rab1 h6 15. Bxf6 Qxf6 16. Qxf6 gxf6 17. Ne2 Be6 18. b3 c5 19. c4 dxc4 20. bxc4 Be5 21. f4 Bc7 22. Kf2 Rb6 23. Kf3 Reb8 24. Nc3 Rxb1 25. Rxb1 Rxb1 26. Nxb1 Ba5 27. Na3 a6 28. Nc2 Kf8 29. Ne3 Ke7 30. Ke4 Bd2 31. Nf5+ Kf8 32. Nxh6 Bc8 33. Kf3 Kg7 34. Nf5+ Bxf5 35. Bxf5 a5 36. Ke4 a4 37. Kd5 Bb4 38. g4 a3 39. Bc2 Kf8 40. Kd6 Kg7 41. Be4 Kf8 42. Bd5 Kg7 43. h4 Kf8 44. h5 Kg7 45. g5 fxg5 46. fxg5 f6 47. g6 Kh6 48. Ke6 Kg7 49. Kf5 Bc3 50. Ke6 Bb4 51. Be4 Bc3 52. Kd6 Bb4 53. Ke7 Bc3 54. h6+ Kxh6 55. Kf7 f5 56. Bxf5 Bd4 57. Ke6 Kg7 58. Kd6 Kf6 59. Bd3 Be3 60. Kc6 Kg7 61. Kb5 Bd4 62. Ka4 Bb2 63. Kb3 Bc1 64. Kc2 Be3 65. Bf5 Bd4 66. Kb3 Bb2 67. Ka4 Kf6 68. Bc2 Kg7 69. Kb5 Bd4 70. Kc6 Be3 71. Kd5 Bd4 72. Kd6 Be3 73. Kd5 Bd4 74. Kd6 Be3 75. Kd5 1/2-1/2

[Event "December 5 Late 2023"]
[Site "https://www.chess.com"]
[Date "2023.12.05"]
[Round "2"]
[White "Sjugirov, Sanan"]
[Black "Sivakumar, Shaaketh"]
[Result "1-0"]
[Board "32"]
[TimeControl "180+1"]
[WhiteFideId "4189302"]
[BlackFideId "30940176"]
[WhiteElo "2915"]
[BlackElo "2572"]
[WhiteTeam "HUN"]
[BlackTeam "USA"]
[WhiteClock "0:01:18"]
[BlackClock "0:00:51"]

1. e4 e6 2. d4 d5 3. e5 c5 4. c3 Nc6 5. Nf3 Qb6 6. a3 cxd4 7. cxd4 Nge7 8. Bd3 Bd7 9. Bc2 Rc8 10. Nc3 Na5 11. O-O Ng6 12. h4 Be7 13. h5 Nh4 14. Nxh4 Bxh4 15. Qg4 Be7 16. Qxg7 Rf8 17. Qg4 f5 18. exf6 Bxf6 19. Rd1 Nc6 20. Na4 Qc7 21. Bxh7 Nxd4 22. Bg6+ Ke7 23. Rxd4 e5 24. Qe2 Kd6 25. Bf4 exf4 26. Rxd5+ Kxd5 27. Qe4+ Kd6 28. Rd1+ Bd4 29. Rxd4# 1-0

[Event "December 5 Late 2023"]
[Site "https://www.chess.com"]
[Date "2023.12.05"]
[Round "2"]
[White "Ozates, Tuna"]
[Black "Rasulov, Vugar"]
[Result "0-1"]
[Board "33"]
[TimeControl "180+1"]
[WhiteFideId "6354521"]
[BlackFideId "13402390"]
[WhiteElo "2570"]
[BlackElo "2914"]
[WhiteTeam "TUR"]
[BlackTeam "AZE"]
[WhiteClock "0:00:09"]
[BlackClock "0:00:07"]

1. e4 e5 2. Nf3 Nc6 3. Bc4 Nf6 4. d3 Be7 5. O-O O-O 6. a4 d6 7. Nc3 Na5 8. Ba2 c5 9. Nd5 Nc6 10. c3 Be6 11. h3 h6 12. Re1 Re8 13. Bd2 Bf8 14. b4 cxb4 15. cxb4 Bxd5 16. exd5 Ne7 17. Nh4 Ng6 18. Nxg6 fxg6 19. Rc1 Rc8 20. Qf3 Qd7 21. b5 Qf5 22. Qe3 Rxc1 23. Rxc1 e4 24. d4 Rc8 25. a5 Rxc1+ 26. Bxc1 Qc8 27. Ba3 Qc7 28. Qd2 Be7 29. Bb3 Kh7 30. Bb4 b6 31. a6 Qd7 32. Bc4 Qf5 33. Qa2 Nh5 34. g4 Qg5 35. Bd2 Nf4 36. Bxf4 Qxf4 37. Qe2 Qc1+ 38. Kg2 Bf6 39. h4 Bxh4 40. Bb3 Qf4 41. Bc2 Qf6 42. Bxe4 Qxd4 43. Qc2 Qf6 44. f3 Bg5 45. Qd3 Bf4 46. Qc2 Qg5 47. Qd3 h5 48. Qe2 Qh4 49. Bd3 hxg4 50. fxg4 Qg3+ 51. Kf1 Kh6 52. Qe4 Qxg4 53. Qh1+ Kg5 54. Qe4 Qh3+ 55. Ke2 Qh5+ 56. Kf1 Qh3+ 57. Ke2 Qg4+ 58. Kf1 Kf6 59. Kf2 Bg3+ 60. Ke3 Qxe4+ 61. Bxe4 g5 62. Bf3 Kf5 63. Kd4 Bf2+ 64. Kd3 g4 65. Bg2 Kf4 66. Ke2 Bc5 67. Kf1 Ke3 68. Kg1 Kd3+ 69. Kh2 Kc4 70. Kg3 Kxb5 71. Bf1+ Ka4 72. Kxg4 b5 73. Kf3 b4 74. Ke4 b3 75. Kd3 Ka3 76. Kc3 b2 77. Bd3 Ka2 78. Bc4+ Ka1 79. Bd3 b1=Q 0-1

[Event "December 5 Late 2023"]
[Site "https://www.chess.com"]
[Date "2023.12.05"]
[Round "2"]
[White "Zhigalko, Sergei"]
[Black "Veljanoski, Andrej"]
[Result "1-0"]
[Board "34"]
[TimeControl "180+1"]
[WhiteFideId "13502956"]
[BlackFideId "15003604"]
[WhiteElo "2911"]
[BlackElo "2569"]
[WhiteTeam "BLR"]
[BlackTeam "MKD"]
[WhiteClock "0:00:04"]
[BlackClock "0:00:03"]

1. e4 e5 2. Nf3 Nc6 3. Bc4 Bc5 4. b4 Bxb4 5. c3 Ba5 6. d4 Qe7 7. O-O Bb6 8. a4 a5 9. Qb3 d6 10. dxe5 Nxe5 11. Nxe5 Qxe5 12. Bxf7+ Kf8 13. Nd2 Nh6 14. Nc4 Be6 15. Nxe5 Bxb3 16. Bxb3 dxe5 17. Ba3+ Ke8 18. Rad1 Rd8 19. Rxd8+ Kxd8 20. Rd1+ Kc8 21. Be6+ Kb8 22. Rd7 Re8 23. Bh3 g5 24. Rxh7 g4 25. Rxh6 gxh3 26. Rxh3 Rd8 27. g4 Rd1+ 28. Kg2 Ra1 29. Be7 Rxa4 30. g5 Rxe4 31. g6 Rg4+ 32. Rg3 Rxg3+ 33. fxg3 1-0

[Event "December 5 Late 2023"]
[Site "https://www.chess.com"]
[Date "2023.12.05"]
[Round "2"]
[White "Rodgers, Jack"]
[Black "Melkumyan, Hrant"]
[Result "0-1"]
[Board "35"]
[TimeControl "180+1"]
[WhiteFideId "3220885"]
[BlackFideId "13302485"]
[WhiteElo "2565"]
[BlackElo "2907"]
[WhiteTeam "AUS"]
[BlackTeam "ARM"]
[WhiteClock "0:00:48"]
[BlackClock "0:01:47"]

1. d4 Nf6 2. Bg5 d5 3. Bxf6 gxf6 4. e3 c5 5. dxc5 e6 6. c4 dxc4 7. Qxd8+ Kxd8 8. Nc3 Bxc5 9. Bxc4 Ke7 10. Nge2 a6 11. Rc1 Nd7 12. O-O b5 13. Bd3 f5 14. Rfd1 Bb7 15. e4 Rhg8 16. a3 Rac8 17. Ng3 f4 18. Nf1 Ne5 19. Bb1 Bb6 20. Rd2 Nf3+ 0-1

[Event "December 5 Late 2023"]
[Site "https://www.chess.com"]
[Date "2023.12.05"]
[Round "2"]
[White "Dardha, Daniel"]
[Black "Mendez Fortes, Eduardo Jesus"]
[Result "1-0"]
[Board "36"]
[TimeControl "180+1"]
[WhiteFideId "240990"]
[BlackFideId "3502376"]
[WhiteElo "2893"]
[BlackElo "2563"]
[WhiteTeam "BEL"]
[BlackTeam "CUB"]
[WhiteClock "0:00:45"]
[BlackClock "0:01:41"]

1. Nf3 d5 2. g3 Nf6 3. Bg2 e6 4. Kf1 Be7 5. d3 O-O 6. Nbd2 c5 7. h4 Nc6 8. c3 e5 9. Qc2 Rb8 10. e4 d4 11. Nc4 Qc7 12. Ncxe5 Nxe5 13. Nxe5 Bd6 14. Nc4 Ra8 15. Nxd6 Qxd6 16. cxd4 cxd4 17. Bf4 Qe7 18. Bf3 Bg4 19. Kg2 Bxf3+ 20. Kxf3 Qd7 21. Kg2 Rac8 22. Qe2 g6 23. Rhc1 Nh5 24. Bh6 Rfe8 25. Rxc8 Rxc8 26. Rc1 Rxc1 27. Bxc1 f5 28. exf5 Qc6+ 29. Qe4 Qxc1 30. fxg6 Qc6 31. gxh7+ Kg7 32. Kf3 Nf6 33. Qxc6 bxc6 34. Kf4 c5 35. f3 Nh5+ 36. Ke5 Nxg3 37. Kd5 Nf5 38. h5 Kxh7 39. Kxc5 Kh6 40. b4 Kxh5 41. a4 Kg5 42. b5 Kf4 43. a5 Ne7 44. b6 axb6+ 45. axb6 1-0

[Event "December 5 Late 2023"]
[Site "https://www.chess.com"]
[Date "2023.12.05"]
[Round "2"]
[White "Mortazavi, Ali"]
[Black "Demchenko, Anton"]
[Result "0-1"]
[Board "37"]
[TimeControl "180+1"]
[WhiteFideId "401323"]
[BlackFideId "4160258"]
[WhiteElo "2561"]
[BlackElo "2890"]
[WhiteTeam "ENG"]
[BlackTeam "SLO"]
[WhiteClock "0:00:09"]
[BlackClock "0:00:41"]

1. Nf3 Nf6 2. g3 d6 3. Bg2 e5 4. d3 Be7 5. O-O O-O 6. e4 h6 7. Nc3 c5 8. Nh4 Nc6 9. Nf5 Bxf5 10. exf5 d5 11. g4 Rc8 12. h3 Re8 13. f4 exf4 14. Bxf4 Bd6 15. Bd2 Nd4 16. g5 hxg5 17. Bxg5 Bb8 18. Qd2 Qb6 19. Rae1 c4 20. Kh1 Rxe1 21. Qxe1 Nxc2 22. Qd2 cxd3 23. Qxd3 Nb4 24. Qd2 Nh5 25. Bh4 Qd6 26. Bxd5 Nf4 27. Ne4 Qxd5 28. Qxb4 Rc4 0-1

[Event "December 5 Late 2023"]
[Site "https://www.chess.com"]
[Date "2023.12.05"]
[Round "2"]
[White "Ashraf, Artin"]
[Black "Karamsetty, Jeevan"]
[Result "1-0"]
[Board "38"]
[TimeControl "180+1"]
[WhiteFideId "22514805"]
[BlackFideId "2025337"]
[WhiteElo "2887"]
[BlackElo "2561"]
[WhiteTeam "IRI"]
[BlackTeam "USA"]
[WhiteClock "0:01:25"]
[BlackClock "0:00:24"]

1. e4 d6 2. d4 Nf6 3. Nc3 e5 4. Nf3 Nbd7 5. Bc4 Be7 6. a4 O-O 7. O-O a6 8. a5 exd4 9. Nxd4 Ne5 10. Bb3 c5 11. Nf3 Bg4 12. Bf4 Nxf3+ 13. gxf3 Bh3 14. Re1 b6 15. axb6 Qxb6 16. Ne2 Nh5 17. Bg3 Nxg3 18. hxg3 Bf6 19. Nf4 Bd7 20. Nd5 Qd8 21. c3 Bc6 22. Ne3 Be7 23. Bd5 Qc7 24. Bxc6 Qxc6 25. Qa4 Qxa4 26. Rxa4 Rfb8 27. Nc4 Rb7 28. Rea1 Rba7 29. Nb6 Rb8 30. Rxa6 Rxa6 31. Rxa6 f6 32. Nc4 Kf7 33. Kf1 Ke6 34. Ke2 g6 35. Kd3 f5 36. e5 Kd5 37. f4 Rd8 38. exd6 Bf6 39. d7 1-0